 Dungeon Crawl Stone Soup version 0.22.1-1-ga44c0e56f4 (webtiles) character file.

245 Jukra the Shield-Bearer (level 6, -6/48 HPs)
             Began as a Formicid Fighter on Sept 23, 2018.
             Mangled by Pikel
             ... wielding a +0 whip of electrocution
              (11 damage)
             ... on level 4 of the Dungeon.
             The game lasted 00:06:44 (2198 turns).

Jukra the Shield-Bearer (Formicid Fighter)          Turns: 2198, Time: 00:06:45

Health: -6/48      AC: 12    Str: 20    XL:     6   Next: 32%
Magic:  6/6        EV:  6    Int: 13    God:
Gold:   202        SH: 10    Dex: 12    Spells: 5/5 levels left

rFire    . . .     SeeInvis +   a - +0 war axe
rCold    . . .     Gourm    .   c - +0 shield
rNeg     . . .     Faith    .   k - +0 chain mail
rPois    .         Spirit   .   (helmet unavailable)
rElec    .         Reflect  .   (no cloak)
rCorr    .         Harm     .   j - +0 pair of gloves
MR       .....                  u - +0 pair of boots
Stlth    ..........             (no amulet)
HPRegen  0.16/turn              i - +5 ring of intelligence
MPRegen  0.10/turn              (no ring)

@: no status effects
A: permanent stasis, dig shafts and tunnels, four strong arms, antennae 3
a: Dig, Shaft Self


You were on level 4 of the Dungeon.
You were hungry.

You visited 1 branch of the dungeon, and saw 4 of its levels.

You collected 202 gold pieces.

Inventory:

Hand Weapons
 a - a +0 war axe (weapon)
Armour
 b - a +0 scale mail
 c - a +0 shield (worn)
 j - a +0 pair of gloves (worn)
 k - a +0 chain mail (worn)
 u - a +0 pair of boots (worn)
Jewellery
 i - a +5 ring of intelligence (left hand)
 n - a +3 ring of protection {unknown}
 q - an uncursed amulet of rage {unknown}
Wands
 s - a wand of iceblast (7)
Scrolls
 e - 2 scrolls of fear {unknown}
 g - 6 scrolls of identify {unknown}
 h - a scroll of noise {unknown}
 l - 3 scrolls of fog {unknown}
 o - 4 scrolls of teleportation {unknown}
 p - a scroll of remove curse {unknown}
Potions
 d - a potion of might
 m - a potion of curing {unknown}
 r - a potion of degeneration {unknown}
 t - a potion of invisibility {unknown}
Comestibles
 f - 5 rations
 v - 2 chunks of flesh


   Skills:
 + Level 4.1 Fighting
 + Level 3.9 Axes
 + Level 4.5 Armour
 + Level 0.3 Dodging
 + Level 1.1 Stealth
 + Level 4.8 Shields


You had 5 spell levels left.
You didn't know any spells.
Your spell library was empty.

Dungeon Overview and Level Annotations

Branches:
Dungeon (4/15)
 Temple: D:4-7

Altars:
Sif Muna

Annotations:
D:4 Pikel


Innate Abilities, Weirdness & Mutations

You cannot be hasted, slowed, berserked, paralysed or teleported.
You can dig through walls and to a lower floor.
Your four strong arms can wield two-handed weapons with a shield.
You have a pair of large antennae on your head. (SInv)


Message History

Your chain mail prevents you from hitting the slave.
You closely miss the slave. You closely miss the iguana. The slave hits you.
* * * LOW HITPOINT WARNING * * *
You block the iguana's attack. Pikel hits you but does no damage.
You block the slave's attack. The slave hits you.
* * * LOW HITPOINT WARNING * * *
The iguana barely misses you.
You hit Pikel.
Pikel is lightly wounded.
You hit the slave but do no damage. You completely miss the slave.
You hit the iguana but do no damage. You block Pikel's attack.
The slave closely misses you. The slave hits you.
* * * LOW HITPOINT WARNING * * *
You block the iguana's attack. Pikel hits you but does no damage.
Are you sure you want to shaft yourself?
You are feeling hungry.
The slave barely misses you. You block the slave's attack.
The iguana bites you but does no damage.
Pikel hits you but does no damage.
You are electrocuted!
You die...

.. ..#############
..............
#............
#............
#...)pl......
#...)@K......
#...)[p......
#+########............
...............#######
...............+
...............#
.............(.#
...............#
+#######.......# ...#


You could see Pikel, 2 slaves and an iguana.

Vanquished Creatures
  2 slaves (D:4)
  An orc wizard (D:4)
  Natasha (thrice) (D:2)
  6 adders
  3 oozes
  A worm (D:2)
  A dart slug (D:3)
  7 orcs (D:4)
  9 bats
  2 giant cockroaches (D:2)
  6 goblins
  9 hobgoblins
  4 jackals (D:2)
  A quokka (D:2)
  A ball python (D:4)
  A ball python skeleton (D:4)
  5 frilled lizards
  3 kobolds
  6 rats
71 creatures vanquished.

Notes
Turn   | Place    | Note
-------+----------+-------------------------------------------
     0 | D:1      | Jukra the Formicid Fighter began the quest for the Orb.
     0 | D:1      | Reached XP level 1. HP: 18/18 MP: 1/1
    48 | D:1      | Reached XP level 2. HP: 20/24 MP: 2/2
   418 | D:1      | Reached XP level 3. HP: 29/29 MP: 3/3
   555 | D:2      | Found a faded altar of an unknown god.
   884 | D:2      | Reached XP level 4. HP: 37/37 MP: 4/4
   944 | D:2      | Noticed Natasha
   953 | D:2      | Killed Natasha
  1064 | D:2      | Noticed Natasha
  1070 | D:2      | Killed Natasha
  1070 | D:2      | Reached XP level 5. HP: 34/42 MP: 5/5
  1126 | D:2      | Noticed Natasha
  1143 | D:2      | Killed Natasha
  1898 | D:3      | Reached XP level 6. HP: 38/48 MP: 6/6
  1981 | D:3      | Found a deep blue altar of Sif Muna.
  2071 | D:3      | Reached skill level 1 in Stealth
  2180 | D:4      | Noticed a slave
  2182 | D:4      | Noticed Pikel
  2183 | D:4      | Noticed a slave
  2183 | D:4      | Noticed a slave
  2186 | D:4      | Noticed a slave
  2192 | D:4      | Killed a slave
  2195 | D:4      | Killed a slave
  2198 | D:4      | Mangled by Pikel

Skill      XL: |  1  2  3  4  5  6 |
---------------+-------------------+-----
Armour         | 4 |  4.5
Axes           | 3 |  3.9
Shields        | 4 |  4.8
Fighting       | 4 |  4.1
Stealth        | 1 |  1.1
Dodging        | |  0.3

Action                   |  1- 3 |  4- 6 || total
-------------------------+-------+-------++-------
Melee: War axe           |    76 |   142 ||   218
 Abil: Shaft Self        |       |     1 ||     1
  Use: Potion            |     1 |       ||     1
  Eat: Ration            |       |     1 ||     1
       Chunk             |       |     1 ||     1
Armor: Scale mail        |    14 |       ||    14
       Chain mail        |    40 |    83 ||   123
Dodge: Dodged            |    26 |    40 ||    66
Block: Shield            |    48 |    91 ||   139
